 Dungeon Crawl Stone Soup version 0.26.0-10-g1f06aea511 (webtiles) character file.

Game seed: 12549539554640755617

77 Arum the Skirmisher (level 4, -5/37 HPs)
             Began as a Mummy Fighter on Jan 19, 2021.
             Slain by Sigmund
             ... wielding a +0 scythe
              (12 damage)
             ... on level 2 of the Dungeon.
             The game lasted 00:01:34 (1861 turns).

Arum the Skirmisher (Mummy Fighter)                 Turns: 1861, Time: 00:01:34

Health: -5/37      AC:  6    Str: 26    XL:     4   Next: 13%
Magic:  4/4        EV:  7    Int:  7    God:
Gold:   100        SH:  9    Dex: 11    Spells: 3/3 levels left

rFire    x . .     SeeInvis .   i - +1 morningstar (drain)
rCold    + . .     Faith    .   c - +0 kite shield
rNeg     + + +     Spirit   .   b - +0 scale mail
rPois    ∞         Reflect  .   (no helmet)
rElec    .         Harm     .   (no cloak)
rCorr    .         Rampage  .   (no gloves)
Will     .....                  (no boots)
Stlth    ..........             (no amulet)
HPRegen  0.12/turn              h - +6 ring of strength
MPRegen  0.09/turn              (no ring)

@: no status effects
A: no potions, fire vulnerability, cold resistance 1, negative energy resistance
3, torment resistance, unbreathing
a: no special abilities


You were on level 2 of the Dungeon.
You visited 1 branch of the dungeon, and saw 2 of its levels.

You collected 100 gold pieces.

Inventory:

Hand Weapons
 a - a +0 flail
 i - a +1 morningstar of draining (weapon)
Armour
 b - a +0 scale mail (worn)
 c - a +0 kite shield (worn)
Jewellery
 h - a +6 ring of strength (left hand)
Scrolls
 d - a scroll of teleportation {unknown}
 e - a scroll of remove curse {unknown}
 f - 2 scrolls of identify {unknown}
 g - a scroll of fear {unknown}


   Skills:
 + Level 3.8 Fighting
 + Level 2.4 Maces & Flails
 - Level 2.4 Armour
 + Level 3.1 Shields


You had 3 spell levels left.
You didn't know any spells.
Your spell library was empty.

Dungeon Overview and Level Annotations

Branches:
Dungeon (2/15)

Altars:
Zin

Annotations:
D:2 Sigmund


Innate Abilities, Weirdness & Mutations

You do not drink.
Your flesh is vulnerable to fire.
You are immune to poison.
Your flesh is cold resistant. (rC+)
You are immune to negative energy. (rN+++)
You are immune to unholy pain and torment.
You can survive without breathing.


Message History

Sigmund flickers and vanishes!
Deactivating autopickup; reactivate with Ctrl-A.
No target in view!
No target in view!
No target in view!
You barely miss something.
You hear some strange, mumbled words.
A magic dart appears from out of thin air!
The magic dart hits you.
You closely miss something. Something hits you.
You miss something. Something hits you.
You closely miss something.
You hear some strange, mumbled words.
Something tries to affect you, but you resist.
You miss something. Something hits you!
* * * LOW HITPOINT WARNING * * *
You block something's attack.
There is a stone staircase leading up here.
Something hits you!
You die...

##+###################.....####.
#..................).........###
#...........##########.......##A
##...........# #.......###
....########.##########.......###
...............................#.
.........###.##########........#.
......†....#.....#....#........#.
#...####.#.#####@#.#.##[####...#.
..#.####.#.#####.#.#.............
<................#.####.####....#
....####.#.#######.# ##.####....#
....# #.#.# #.# #....#####.#
...... #.# #....# #.# ..(###.#
#.# #....# #.# .... # #.# #....#
#.# ..... #.# #....# #.#


There were no monsters in sight!

Vanquished Creatures
  Terence (D:2)
  An adder (D:2)
  4 dart slugs
  A leopard gecko (D:1)
  4 bats
  3 giant cockroaches
  2 goblins (D:1)
  6 hobgoblins
  3 kobolds (D:1)
  9 rats
34 creatures vanquished.

Notes
Turn   | Place    | Note
-------+----------+-------------------------------------------
     0 | D:1      | Arum the Mummy Fighter began the quest for the Orb.
     0 | D:1      | Reached XP level 1. HP: 18/18 MP: 1/1
   306 | D:1      | Reached XP level 2. HP: 18/24 MP: 2/2
  1011 | D:1      | Reached XP level 3. HP: 27/29 MP: 3/3
  1289 | D:2      | Noticed Terence
  1296 | D:2      | Killed Terence
  1520 | D:2      | Reached XP level 4. HP: 29/37 MP: 4/4
  1646 | D:2      | Noticed an angel
  1647 | D:2      | Found a glowing silver altar of Zin.
  1850 | D:2      | Noticed Sigmund
  1861 | D:2      | Slain by Sigmund

Illustrated notes

Levels and vault maps discovered:
D:1:      dpeg_arrival_lava_temple_mockup, layout_loops_corners
D:2:      layout_basic, nzn_wu_jian_council_hall, zin_angel, uniq_sigmund,
          uniq_terence

Skill      XL: |  1  2  3 |
---------------+----------+-----
Maces & Flails | 2 |  2.4
Shields        | 3 |  3.1
Fighting       | |  3.8
Armour         | |  2.4

Action                   |  1- 3 |  4- 6 || total
-------------------------+-------+-------++-------
Melee: Flail             |    85 |       ||    85
       Morningstar       |    15 |    11 ||    26
Armor: Scale mail        |    45 |     3 ||    48
Dodge: Dodged            |    25 |     2 ||    27
Block: Kite shield       |    50 |     1 ||    51
